 Dungeon Crawl Stone Soup version 0.25-a0-36-g303dd5b1f4 (webtiles) character file.

Game seed: 17270356308808082643, levelgen mode: deterministic

720 Arixos the Insei (level 7, -11/55 HPs)
             Began as a Demonspawn Monk on Oct 20, 2019.
             Was an Elder of Wu Jian.
             Mangled by an ogre
             ... wielding a +0 giant club
              (25 damage)
             ... on level 5 of the Dungeon.
             The game lasted 00:16:36 (4354 turns).

Arixos the Insei (Demonspawn Monk)                  Turns: 4354, Time: 00:16:36

Health: -11/55     AC: 11    Str: 14    XL:     7   Next: 42%
Magic:  7/7        EV: 11    Int: 11    God:    Wu Jian [****..]
Gold:   197        SH:  0    Dex: 15    Spells: 6/6 levels left

rFire    + + .     SeeInvis .     - Unarmed
rCold    x . .     Gourm    .   (no shield)
rNeg     . . .     Faith    .   d - +1 fire dragon scales
rPois    .         Spirit   .   (helmet restricted)
rElec    .         Reflect  .   h - +0 cloak
rCorr    .         Harm     .   (no gloves)
MR       .....                  (no boots)
Stlth    ..........             (no amulet)
HPRegen  0.18/turn              (no ring)
MPRegen  0.10/turn              (no ring)

@: no status effects
A: claws 1, horns 1, talons 1
a: Wall Jump, Serpent's Lash, Renounce Religion


You were on level 5 of the Dungeon.
You worshipped Wu Jian.
Wu Jian was greatly pleased with you.
You were not hungry.

You visited 1 branch of the dungeon, and saw 5 of its levels.
You also visited: Sewer.

You collected 197 gold pieces.

Inventory:

Armour
 d - +1 fire dragon scales (worn)
 h - a +0 cloak (worn)
 m - a +0 plate armour
Wands
 c - a wand of enslavement (6)
Scrolls
 a - 2 scrolls of enchant weapon
 f - 2 scrolls of identify
 j - 3 scrolls of blinking
Potions
 e - 2 potions of lignification {unknown}
 g - a potion of haste {unknown}
 i - 2 potions of heal wounds {unknown}
 k - 3 potions of curing {unknown}
 l - a potion of magic {unknown}
 o - 4 potions of flight {unknown}
 p - a potion of cancellation {unknown}
Comestibles
 b - 6 rations


   Skills:
 + Level 4.7 Fighting
 + Level 3.2 Armour
 + Level 4.3 Dodging
 - Level 1.7 Stealth
 * Level 5.3 Unarmed Combat


You had 6 spell levels left.
You didn't know any spells.
Your spell library was empty.

Dungeon Overview and Level Annotations

Branches:
Dungeon (5/15)              Sewer (visited)
 Temple: D:4-7

Altars:
Ashenzari
Gozag
Wu Jian


Innate Abilities, Weirdness & Mutations

You have sharp fingernails.
You have a pair of small horns on your head.
You have sharp toenails.


Message History

An orc priest comes into view. It is wielding a +0 mace.
The orc priest shouts!
You claw the ogre. x2
The ogre is moderately wounded.
You hear an angry hiss.
The ogre closely misses you.
You scratch the ogre. You claw the ogre. Your headbutt misses the ogre.
The ogre is heavily wounded.
The ogre hits you with a +0 giant club!!
You scratch the ogre. You claw the ogre.
The ogre is severely wounded.
The ogre hits you with a +0 giant club!!
* * * LOW HITPOINT WARNING * * *
The orc priest barely misses you.
The orc priest miscasts a cantrip.
The orc priest miscasts a cantrip.
The orc priest looks braver for a moment.
There is a stone staircase leading up here.
The ogre hits you with a +0 giant club!!
You die...

... .. . .. ##.#######....
..# ...#>#........ ....
............. ....##.....
..... ....
#....#...###...#. ...
#.....(@#.#.....##. ..
.......O.....#..... #.
......##....#.##..... ##.
..........o...##..... ..
.........#..O.#...... #
.........#..........######
.............o......#.≈≈≈≈
...........)........#≈≈≈≈.
#.....#..##..)....#≈≈≈≈.


You could see 2 ogres and 2 orc priests.

Vanquished Creatures
  An ogre (D:4)
  A sky beast (D:4)
  A big kobold (Sewer)
  A hound (D:4)
  An orc priest (D:4)
  5 orc wizards (D:4)
  An iguana (D:5)
  A worker ant (D:4)
  A worker ant zombie (D:5)
  Robin (D:4)
  2 adders (D:3)
  3 river rats
  3 oozes
  7 worms
  A dart slug (D:1)
  6 leopard geckos
  9 orcs
  2 ball pythons
  3 bats
  4 giant cockroaches
  18 hobgoblins
  9 jackals
  7 kobolds
  3 quokkas
  3 frilled lizards
  13 goblins
  6 rats
113 creatures vanquished.

Notes
Turn   | Place    | Note
-------+----------+-------------------------------------------
     0 | D:1      | Arixos the Demonspawn Monk began the quest for the Orb.
     0 | D:1      | Reached XP level 1. HP: 18/18 MP: 1/1
   218 | D:1      | Gained mutation: You have sharp toenails. [demonic
                  | ancestry]
   218 | D:1      | Reached XP level 2. HP: 17/24 MP: 2/2
   844 | D:2      | Found an opulent altar of Gozag.
   882 | D:2      | Reached skill level 1 in Armour
   955 | D:2      | Reached skill level 3 in Unarmed Combat
   955 | D:2      | Gained mutation: You have sharp fingernails. [demonic
                  | ancestry]
   955 | D:2      | Reached XP level 3. HP: 13/29 MP: 3/3
  1283 | D:2      | Found a shattered altar of Ashenzari.
  1690 | D:3      | Found an ornate altar of the Wu Jian Council.
  1704 | D:3      | Became a worshipper of the Wu Jian Council
  1704 | D:3      | Reached * piety under Wu Jian
  1704 | D:3      | Reached ** piety under Wu Jian
  1782 | D:3      | Reached XP level 4. HP: 33/35 MP: 4/4
  2635 | D:4      | Gained mutation: You have a pair of small horns on your
                  | head. [demonic ancestry]
  2635 | D:4      | Reached XP level 5. HP: 41/42 MP: 5/5
  2713 | D:4      | Reached *** piety under Wu Jian
  2843 | D:4      | Noticed Robin
  2861 | D:4      | Killed Robin
  2861 | D:4      | Reached skill level 4 in Unarmed Combat
  2975 | D:4      | Noticed an ogre
  2990 | D:4      | Killed an ogre
  2990 | D:4      | Reached XP level 6. HP: 5/48 MP: 6/6
  3786 | D:5      | Entered Level 5 of the Dungeon
  3802 | D:5      | Found a glowing drain.
  3830 | Sewer    | Entered a sewer
  3841 | Sewer    | Reached XP level 7. HP: 45/55 MP: 7/7
  3911 | Sewer    | Reached skill level 5 in Unarmed Combat
  3932 | Sewer    | Found a white marble altar of Elyvilon.
  4334 | D:5      | Reached **** piety under Wu Jian
  4354 | D:5      | Mangled by an ogre

Levels and vault maps discovered:
D:1:      lightli_molten_gateway, layout_rooms
D:2:      layout_rooms, grunt_gozag_breadcrumbs, overflow_temple_1_default
D:3:      layout_basic, old_standard_altar, first_ration
D:4:      layout_basic, uniq_robin
D:5:      layout_cave_pools, serial_shops, shop, portal_sewer_entry_b

Skill      XL: |  1  2  3  4  5  6  7 |
---------------+----------------------+-----
Dodging        | 3 4 |  4.3
Armour         | 1 2 3 |  3.2
Unarmed Combat | 3 4 5 |  5.3
Fighting       | 4 |  4.7
Stealth        | |  1.7

Action                   |  1- 3 |  4- 6 |  7- 9 || total
-------------------------+-------+-------+-------++-------
Melee: Unarmed           |   132 |   197 |    45 ||   374
       Kick              |    27 |    57 |    16 ||   100
       Punch             |     1 |     3 |     1 ||     5
       Headbutt          |       |    23 |     3 ||    26
Invok: Lunge             |     1 |    27 |     4 ||    32
       Whirlwind         |       |    32 |     3 ||    35
  Use: Scroll            |       |     5 |       ||     5
  Eat: Chunk             |     3 |     6 |     2 ||    11
Armor: Fire dragon scale |    34 |    44 |    15 ||    93
Dodge: Dodged            |    58 |    59 |    14 ||   131

Table legend:
 A = Non-vault XP
 B = Vault XP
 C = Vault XP percentage of total XP
 D = Non-vault monster count
 E = Vault monster count
 F = Vault count percentage of total count
                 A         B        C        D         E       F
            +---------+---------+-------+---------+---------+-------
      Total |     827 |     202 |  19.6 |      85 |      28 |  24.8
            +---------+---------+-------+---------+---------+-------
        D:1 |      31 |       0 |   0.0 |      16 |       0 |   0.0
        D:2 |      42 |       0 |   0.0 |      17 |       0 |   0.0
        D:3 |      93 |       0 |   0.0 |      27 |       0 |   0.0
        D:4 |     602 |      39 |   6.1 |      21 |      13 |  38.2
        D:5 |      59 |      22 |  27.2 |       4 |       5 |  55.6
      Sewer |       0 |     141 | 100.0 |       0 |      10 | 100.0
            +---------+---------+-------+---------+---------+-------
